 Dungeon Crawl Stone Soup version 0.21.0-3-g78d12a8 (console) character file.

308 hilaritas the Cudgeler (level 6, -1/66 HPs)
             Began as an Ogre Berserker on Jan 11, 2018.
             Was a Priest of Trog.
             Slain by a phantom (6 damage)
             ... on level 6 of the Dungeon.
             The game lasted 00:08:11 (3635 turns).

hilaritas the Cudgeler (Ogre Berserker)             Turns: 3635, Time: 00:08:11

Health: -1/66      AC:  4    Str: 24    XL:     6   Next: 40%
Magic:  6/6        EV: 10    Int:  8    God:    Trog [***...]
Gold:   130        SH:  0    Dex:  8    Spells: 5/5 levels left

rFire    . . .     SeeInvis .   a - +0 mace
rCold    . . .     Gourm    .   (no shield)
rNeg     . . .     Faith    .   b - +1 animal skin
rPois    .         Spirit   .   (helmet restricted)
rElec    .         Reflect  .   l - scarf {repulsion}
rCorr    .         Harm     .   (gloves unavailable)
MR       .....                  (boots unavailable)
Stlth    +.........             (no amulet)
HPRegen  0.21/turn              (no ring)
MPRegen  0.10/turn              (no ring)

@: repel missiles
A: large, unfitting armour, tough skin 1
a: Berserk, Trog's Hand, Burn Spellbooks, Renounce Religion


You were on level 6 of the Dungeon.
You worshipped Trog.
Trog was most pleased with you.
You were not hungry.

You visited 1 branch of the dungeon, and saw 5 of its levels.

You collected 130 gold pieces.

Inventory:

Hand Weapons
 a - a +0 mace (weapon)
Missiles
 k - 5 javelins (quivered)
Armour
 b - a +1 animal skin (worn)
 l - a scarf of repulsion (worn)
Scrolls
 f - a scroll of fog
 o - a scroll of immolation {unknown}
Potions
 d - a potion of curing {unknown}
 e - a potion of might {unknown}
 g - a potion of lignification
 h - a potion of resistance {unknown}
 i - a potion of ambrosia {unknown}
 j - a potion of degeneration {unknown}
 n - a potion of berserk rage {unknown}
Books
 m - a book of Changes

   Spells                             Type                      Level
   a - Beastly Appendage              Transmutation                1
   b - Sticks to Snakes               Transmutation                2
   c - Spider Form                    Transmutation/Poison         3
   d - Ice Form                       Ice/Transmutation            4
   e - Blade Hands                    Transmutation                5
   Trog disapproves of the use of such an item.
Comestibles
 c - 8 rations


   Skills:
 + Level 5.2 Fighting
 * Level 5.9 Maces & Flails
 - Level 2.6 Dodging


You had 5 spell levels left.
You didn't know any spells.

Dungeon Overview and Level Annotations

Branches:
Dungeon (4/15)
 Temple: D:4-7

Altars:


Innate Abilities, Weirdness & Mutations

You are too large for most types of armour.
You have tough skin. (AC +1)


Message History

You hit the phantom.
The phantom is almost destroyed.
The phantom barely misses you.
You hit the phantom but do no damage.
The phantom is almost destroyed.
You recover from your berserk rage.
The phantom hits you!
* * * LOW HITPOINT WARNING * * *
The phantom blinks! x2
Found a leather armour.
The phantom blinks!
The phantom blinks!
A hound comes into view.
The hound barks!
The phantom hits you but does no damage.
Found a trident.
You barely miss the phantom.
The phantom is almost destroyed.
The phantom hits you.
You die...

### #.###########
#.....).....
...........# #
#.####.#....###>#%#
#.....W...#?#[).#.#
######@####.#.#...####
)..h[........#)#.#...(#
............$.%.........
###########.$....#.##.#.
........###...
#........# ##o
+.......... ..
#.......<### o
#......... #.?........


You could see a phantom and a hound.

Vanquished Creatures
  A howler monkey (D:3)
  2 iguanas (D:6)
  2 orc wizards
  A worker ant (D:3)
  3 adders
  3 oozes (D:2)
  2 worms
  3 dart slugs
  A leopard gecko (D:2)
  7 orcs
  5 bats
  3 giant cockroaches
  6 hobgoblins
  12 jackals
  A quokka (D:3)
  3 frilled lizards
  15 goblins
  5 kobolds
  11 rats
86 creatures vanquished.

Notes
Turn   | Place    | Note
-------+----------+-------------------------------------------
     0 | D:1      | hilaritas the Ogre Berserker began the quest for the Orb.
     0 | D:1      | Reached XP level 1. HP: 24/24 MP: 1/1
   273 | D:1      | Reached XP level 2. HP: 32/32 MP: 2/2
   594 | D:1      | Reached XP level 3. HP: 15/40 MP: 3/3
  1139 | D:2      | Reached ** piety under Trog
  1321 | D:2      | Reached XP level 4. HP: 37/49 MP: 4/4
  2325 | D:3      | Reached XP level 5. HP: 28/55 MP: 5/5
  2355 | D:3      | Reached skill level 5 in Maces & Flails
  2567 | D:3      | Found a faded altar of an unknown god.
  2633 | D:3      | Reached skill level 5 in Fighting
  2650 | D:3      | HP: 5/57 [orc/trident (3)]
  2653 | D:3      | Reached *** piety under Trog
  3562 | D:4      | You fall through a shaft for 2 floors!
  3562 | D:6      | Noticed a phantom
  3575 | D:6      | Reached XP level 6. HP: 30/66 MP: 6/6
  3607 | D:6      | HP: 6/66 [phantom (6)]
  3608 | D:6      | HP: 2/66 [phantom (6)]
  3615 | D:6      | HP: 6/66 [phantom (6)]
  3627 | D:6      | HP: 3/66 [phantom (8)]
  3635 | D:6      | Slain by a phantom

Skill      XL: |  1  2  3  4  5 |
---------------+----------------+-----
Maces & Flails | 3 4 5 |  5.9
Fighting       | 5 |  5.2
Dodging        | |  2.6

Action                   |  1- 3 |  4- 6 || total
-------------------------+-------+-------++-------
Melee: Mace              |   126 |   175 ||   301
Invok: Berserk           |       |     2 ||     2
       Trog's Hand       |       |     2 ||     2
  Use: Scroll            |     4 |     4 ||     8
       Potion            |       |     1 ||     1
  Eat: Chunk             |     1 |     8 ||     9
       Ration            |       |     1 ||     1
Armor: Animal skin       |    39 |    35 ||    74
       Skin              |       |    31 ||    31
Dodge: Dodged            |    69 |    79 ||   148
       Deflected         |       |     2 ||     2
